cohdb
Replays
Latest Replays
All Replays
Popular Replays
Top Player Replays
Match Explorer
How It Works
Community
CoH3 Stats
Reddit
Sign in to upload your games and track your stats! →
Sign in with Steam
Match 41350970
Unlisted
Match 41350970
Overview
Messages
Build Orders
End
Construct Weapon Support Center
Selects Airborne Battlegroup
Selects Pathfinders
M1919 Machine Gun Team
Bazooka Squad
M1919 Machine Gun Team
Air Support Center
Construct Medical Station
Selects Paratrooper Squad Paradrop
Paratrooper Squad Paradrop
P-47 Strafing Run
Paratrooper Squad Paradrop
Construct Tank Depot
P-47 Strafing Run
Paratrooper Squad Paradrop
Selects Recon Loiter
Selects Supply Drop
Supply Drop
我真的不是驴
Ex-Machinery
Amon Sapkowski
Mr. AAAAAAYYYle
0
0
Comments
sign in to comment!
No comments posted yet!